 Dungeon Crawl Stone Soup version 0.27-a0-1060-gcb85b5eba1 (webtiles) character file.

Game seed: 11316623810036088582

281 HilariousDeathArtist the Conjurer (level 6, -13/61 HPs)
             Began as a Troll Conjurer on Apr 21, 2021.
             Mangled by a two-headed ogre
             ... wielding a +0 giant club
              (32 damage)
             ... on level 3 of the Dungeon.
             The game lasted 00:02:38 (2644 turns).

HilariousDeathArtist the Conjurer (Troll Conjurer)  Turns: 2644, Time: 00:02:39

Health: -13/61     AC:  5    Str: 16    XL:     6   Next: 6%
Magic:  6/6        EV:  9    Int: 16    God:
Gold:   62         SH:  0    Dex:  8    Spells: 6/7 levels left

rFire    . . .     SeeInvis .   (no weapon)
rCold    + . .     Faith    .   (no shield)
rNeg     + . .     Spirit   .   a - +0 robe
rPois    .         Reflect  .   (helmet restricted)
rElec    .         Harm     .   w - +0 cloak
rCorr    .         Rampage  .   (gloves unavailable)
Will     .....                  (boots unavailable)
Stlth    +.........             (no amulet)
HPRegen  1.20/turn              C - ring of protection from cold {rC+, !d}
MPRegen  0.10/turn              N - ring of positive energy {rN+}

@: no status effects
A: large, unfitting armour, claws 3, regeneration 1, shaggy fur 1, tough skin 1
a: no special abilities


You were on level 3 of the Dungeon.
You visited 1 branch of the dungeon, and saw 4 of its levels.

You collected 62 gold pieces.

Inventory:

Hand Weapons
 b - a +0 hand axe
   (You took it off an orc on level 4 of the Dungeon)
 d - a +0 spear
   (You found it on level 1 of the Dungeon)
 f - a +0 dagger
   (You took it off a goblin on level 1 of the Dungeon)
 g - a +0 club
   (You took it off a goblin on level 1 of the Dungeon)
 h - a +0 spear
   (You found it on level 1 of the Dungeon)
 n - a +0 short sword
   (You took it off a kobold on level 1 of the Dungeon)
 o - a +0 club
   (You took it off a gnoll on level 1 of the Dungeon)
 q - a +0 dagger
   (You took it off a kobold on level 2 of the Dungeon)
 r - a +0 dagger
   (You took it off a kobold on level 2 of the Dungeon)
 z - a +0 short sword
   (You took it off an orc on level 3 of the Dungeon)
 F - a +0 dagger
   (You took it off an orc wizard on level 3 of the Dungeon)
 G - a +0 mace
   (You took it off an orc on level 3 of the Dungeon)
 H - a +0 dagger
   (You took it off an orc wizard on level 3 of the Dungeon)
 J - a +0 hand axe
   (You found it on level 3 of the Dungeon)
 K - a +0 short sword
   (You took it off a kobold on level 4 of the Dungeon)
 M - a +0 flail
   (You took it off an orc on level 4 of the Dungeon)
 O - a +0 dagger
   (You took it off an orc on level 4 of the Dungeon)
 P - a +0 short sword
   (You took it off a kobold on level 4 of the Dungeon)
 Q - a +0 trident
   (You took it off an orc priest on level 3 of the Dungeon)
Missiles
 j - 28 bolts
 s - 58 stones
 x - 26 arrows
 L - 2 poisoned darts
Armour
 a - a +0 robe (worn)
 w - a +0 cloak (worn)
   (You found it on level 2 of the Dungeon)
Jewellery
 C - a ring of protection from cold (left claw) {rC+, !d}
   (You found it on level 2 of the Dungeon)
 I - a +6 ring of intelligence
   (You found it on level 4 of the Dungeon)
 N - a ring of positive energy (right claw) {rN+}
   (You found it on level 3 of the Dungeon)
Wands
 i - a wand of iceblast (2)
   (You found it on level 3 of the Dungeon)
Scrolls
 c - a scroll of torment {unknown}
 k - 3 scrolls of identify {unknown}
 m - a scroll of teleportation {unknown}
 p - a scroll of magic mapping {unknown}
 u - 2 scrolls of fog {unknown}
 y - a scroll of enchant armour {unknown}
 B - a scroll of brand weapon {unknown}
 D - a scroll of fear {unknown}
 E - a scroll of summoning {unknown}
Potions
 e - a potion of curing {unknown}
 l - a potion of berserk rage {unknown}
 t - a potion of heal wounds {unknown}
 v - a potion of haste {unknown}
 A - a potion of lignification {unknown}


   Skills:
 - Level 3.3 Fighting
 - Level 1.5 Dodging
 - Level 1.0 Stealth
 - Level 1.2 Spellcasting
 + Level 4.4 Conjurations


You had 6 spell levels left.
You knew the following spells:

 Your Spells              Type           Power      Damage    Failure   Level
a - Magic Dart            Conj           60%        1d6       3%          1

Your spell library contained the following spells:

 Spells                   Type           Power      Damage    Failure   Level
 Searing Ray              Conj           30%        3d4       5%          2
 Summon Small Mammal      Summ           0%         N/A       22%         1
 Dazzling Flash           Conj/Hex       16%        N/A       26%         3
 Call Imp                 Summ           0%         N/A       34%         2
 Call Canine Familiar     Summ           0%         N/A       56%         3
 Summon Guardian Golem    Hex/Summ       0%         N/A       56%         3
 Fulminant Prism          Conj/Hex       4%         3d6       65%         4
 Iskenderun's Mystic Bla  Conj/Tloc      8%         2d4       65%         4
 Summon Ice Beast         Ice/Summ       0%         N/A       92%         4
 Summon Lightning Spire   Summ/Air       0%         N/A       92%         4


Dungeon Overview and Level Annotations

Branches:
Dungeon (4/15)
 Temple: D:4-7

Altars:

Annotations:
D:4 Menkaure


Innate Abilities, Weirdness & Mutations

You are too large for most types of armour.
You have claws for hands.
Your natural rate of healing is unusually fast.
You are covered in fur. (AC +1)
You have tough skin. (AC +1)


Message History

The orc closely misses you. The orc completely misses you.
You claw the orc!
You kill the orc!
The orc hits you with a +0 flail! The orc barely misses you.
You take 6 damage, and have 53/61 hp.
There are monsters nearby!
There are monsters nearby!
You barely miss the orc. The orc barely misses you. The orc closely misses you.
You scratch the orc but do no damage. The orc hits you with a +0 flail.
The orc completely misses you.
You take 2 damage, and have 52/61 hp.
You scratch the orc. The orc barely misses you.
The orc hits you with a +0 dagger.
You scratch the orc but do no damage. The orc hits you but does no damage.
The orc hits you with a +0 dagger.
You take 4 damage, and have 48/61 hp.
You scratch the orc but do no damage. The orc hits you with a +0 flail.
The orc hits you but does no damage.
You scratch the orc. The orc closely misses you.
The orc hits you but does no damage.
You barely miss the orc. The orc hits you with a +0 flail.
The orc hits you with a +0 dagger.
You take 6 damage, and have 43/61 hp.
You scratch the orc.
You kill the orc!
The orc closely misses you.
You scratch the orc. The orc closely misses you.
You scratch the orc. The orc hits you with a +0 dagger.
You take 2 damage, and have 43/61 hp.
You barely miss the orc. The orc hits you but does no damage.
You closely miss the orc. The orc closely misses you.
You regained 2 hp, and now have 46/61 hp.
You scratch the orc. The orc hits you but does no damage.
You scratch the orc but do no damage. The orc barely misses you.
You scratch the orc but do no damage. The orc barely misses you.
You scratch the orc.
You kill the orc!
No target in view!
No target in view!
No target in view!
No target in view!
No target in view!
No target in view!
Unknown command.
b - a +0 hand axe;
K - a +0 short sword;
L - 3 poisoned darts
Things that are here:
an orc corpse; a kobold corpse Health restored: 61; MP restored: 6
M - a +0 flail
Things that are here:
a +0 leather armour; an orc corpse
Things that are here:
an orc corpse; a kobold corpse
O - a +0 dagger;
P - a +0 short sword;
s - 58 stones (gained 4)
Things that are here:
a +0 chain mail; an orc corpse; a kobold corpse
I - a +6 ring of intelligence;
Q - a +0 trident A two-headed ogre comes into view.
It is wielding a +0 giant club and a +0 giant spiked club.
Found a stone staircase leading up.
A two-headed ogre is nearby!
A two-headed ogre is nearby!
The magic dart hits the two-headed ogre but does no damage.
You now have 5/6 mp.
The magic dart hits the two-headed ogre.
The magic dart hits the two-headed ogre.
Menkaure, Prince of Dust comes into view.
You now have 3/6 mp.
Menkaure calls on the powers of darkness!
The two-headed ogre convulses!
Your body is wracked with pain!
You take 26 damage, and have 35/61 hp.
MASSIVE DAMAGE!!
There is a stone staircase leading up, spattered with blood here.
You see here a +0 dagger.
The two-headed ogre hits you with a +0 giant club!!
* * * LOW HITPOINT WARNING * * *
The two-headed ogre barely misses you.
You climb upwards.
There is a stone staircase leading down here.
You take 18 damage, and have 17/61 hp.
MASSIVE DAMAGE!!
Unknown command.
You regained 2 hp, and now have 22/61 hp.
You regained 2 hp, and now have 28/61 hp.
There is an escape hatch in the ceiling here.
You regained 2 hp, and now have 34/61 hp.
You regained 2 hp, and now have 40/61 hp.
MP restored: 6
Okay, then.
Okay, then.
That's the wrong kind of item! (Use * to select it.) Throw: 3 darts (poison)
Aim: a two-headed ogre, wielding a +0 giant club and a +0 giant spiked club (moderately wounded, 71% to hit)
You throw a poisoned dart.
The poisoned dart hits the two-headed ogre.
You barely miss the two-headed ogre.
The two-headed ogre hits you with a +0 giant club!!
The two-headed ogre hits you with a +0 giant spiked club!!
Ouch! That really hurt!
You die...

#.........# #.#.#.######
####.....## #.#.#.#.....
#.....# #.........## ###.###
########.#.#.###.## ##...##
#.......>....# #... #.....#
#.######.#.#.###.##
#.....#####.# #.........#
#...........######.#.#.#.###
##...#####.<@O.........#.#
###.# ##.###.####.###.# #.#
#.# #.# #.###.### #.#
#.###.####.#.....#
##.######..........#.....#
#.............###........#
#.......>..#.......#.....#
#.#######.......#..#.....#
#.# ####.##.#..†######


You could see a two-headed ogre.

Vanquished Creatures
  A bullfrog skeleton (D:3)
  An orc priest (D:3)
  2 centaur skeletons
  2 orc wizards (D:3)
  A gnoll (D:1)
  4 adders
  A worm (D:2)
  5 orcs
  5 endoplasms
  2 giant cockroaches
  2 goblins (D:1)
  7 hobgoblins
  8 quokkas
  2 ball pythons (D:1)
  8 bats
  6 frilled lizards
  6 kobolds
  5 rats
68 creatures vanquished.

Notes
Turn   | Place    | Note
-------+----------+-------------------------------------------
     0 | D:1      | HilariousDeathArtist the Troll Conjurer began the quest for
                  | the Orb.
     0 | D:1      | Reached XP level 1. HP: 16/16 MP: 1/1
   141 | D:1      | Reached skill level 1 in Fighting
   177 | D:1      | Reached XP level 2. HP: 27/27 MP: 0/2
   422 | D:1      | Reached skill level 2 in Fighting
   422 | D:1      | Reached XP level 3. HP: 25/35 MP: 1/3
  1383 | D:2      | Reached skill level 3 in Fighting
  1383 | D:2      | Reached XP level 4. HP: 45/45 MP: 2/4
  1667 | D:3      | Reached skill level 3 in Conjurations
  1939 | D:3      | Reached XP level 5. HP: 50/53 MP: 2/5
  2238 | D:3      | Reached skill level 4 in Conjurations
  2281 | D:3      | Reached XP level 6. HP: 61/61 MP: 2/6
  2609 | D:4      | Noticed a two-headed ogre
  2613 | D:4      | Noticed Menkaure
  2619 | D:4      | HP: 15/61 [two-headed ogre/+0 giant club (22)]
  2644 | D:3      | Mangled by a two-headed ogre

Illustrated notes

Levels and vault maps discovered:
D:1:      dpeg_arrival_tiny_d, layout_loops_cross
D:2:      layout_loops_ring
D:3:      layout_loops_ring, glass_columns_c
D:4:      layout_gridville, lemuel_tele_altar, general_overflow_altar,
          grunt_ministairs_9, minivault_25, minmay_statues_item, uniq_sigmund,
          uniq_pikel, uniq_menkaure

Skill      XL: |  1  2  3  4  5 |
---------------+----------------+-----
Fighting       | 1 2 3 |  3.3
Conjurations   | 3 4 |  4.4
Dodging        | |  1.5
Stealth        | |  1.0
Spellcasting   | |  1.2

Action                   |  1- 3 |  4- 6 || total
-------------------------+-------+-------++-------
Melee: Unarmed           |   107 |    99 ||   206
Throw: Dart              |       |     1 ||     1
 Cast: Magic Dart        |    32 |    39 ||    71
Armor: Robe              |    36 |    31 ||    67
Dodge: Dodged            |    56 |    43 ||    99

Table legend: (Time is in decaauts)
 A = Elapsed time spent in this place.
 B = Non-inter-level travel time spent in this place.
 C = Inter-level travel time spent in this place.
 D = Time resting spent in this place.
 E = Time spent auto-exploring this place.
 F = Levels seen in this place.
 G = Mean time per level.
                   A        B        C        D        E       F      G
               +--------+--------+--------+--------+--------+-----+--------+
         Total |   2644 |   2577 |     67 |    460 |   1626 |   4 |  661.0 |
       Dungeon |   2644 |   2577 |     67 |    460 |   1626 |   4 |  661.0 |
               +--------+--------+--------+--------+--------+-----+--------+

Top non-repeatable levels by time:
     D:3: 919 daAuts
     D:1: 851 daAuts
     D:2: 812 daAuts
     D:4: 61 daAuts

Table legend:
 A = Kills in this place as a percentage of kills in entire the game.
 B = Kills by you in this place as a percentage of kills by you in the entire game.
 C = Kills by friends in this place as a percentage of kills by friends in the entire game.
 D = Other kills in this place as a percentage of other kills in the entire game.
 E = Experience gained in this place as a percentage of experience gained in the entire game.
 F = Experience gained in this place divided by the number of levels of this place that you have seen.
                   A       B       C       D       E      F
               +-------+-------+-------+-------+-------+----------------------
         Total | 100.0 | 100.0 |   N/A |   N/A | 100.0 | 100.5
       Dungeon | 100.0 | 100.0 |   N/A |   N/A | 100.0 | 100.5
               +-------+-------+-------+-------+-------+----------------------
